 Dungeon Crawl Stone Soup version 0.30-a0-778-g2ef04afb54 (webtiles) character file.

Game seed: 5103586667491724921

12555 Oxelix the Carver (level 11, -7/142 HPs)
             Began as a Demonspawn Berserker on Feb 16, 2023.
             Was an Elder of Trog.
             Mangled by a small abomination (10 damage)
             ... in a Gauntlet.
             The game lasted 00:18:43 (9855 turns).

Oxelix the Carver (Demonspawn Berserker)            Turns: 9855, Time: 00:18:44

Health: -7/142     AC: 14    Str: 24    XL:     11   Next: 64%
Magic:  0/11       EV:  7    Int: 14    God:    Trog [****..]
Gold:   274        SH:  0    Dex: 26    Spells: 10/10 levels left

rFire   + + .      SeeInvis .    p - +10 rapier "Udiygurch" {drain, *Corrode rF+++ Will- Dex+4}
rCold   . . .      Faith    .    (no shield)
rNeg    . . .      Spirit   +    d - +0 plate armour
rPois   +          Reflect  .    y - +0 helmet
rElec   .          Harm     .    O - +0 cloak
rCorr   .          Rampage  .    f - +0 pair of gloves
Will    +....      NoTele   +    (no boots) Stlth
                                 U - amulet of the acrobat
HPRegen 1.43/turn                M - +6 ring of dexterity
MPRegen 0.24/turn                T - ring of Ru's Regard {rPois rF- Str+6 Int+5 Stlth+}

@: berserking, strong-willed, regenerating, very quick
A: magic shield, magic regeneration, demonic magic 1, demonic touch 1
a: Renounce Religion, Berserk, Trog's Hand, Brothers in Arms


You were in a Gauntlet.
You worshipped Trog.
Trog was greatly pleased with you.
You visited 2 branches of the dungeon, and saw 12 of its levels.
You also visited: Gauntlet.

You collected 674 gold pieces.
You spent 400 gold pieces at shops.

Inventory:

Hand Weapons
 m - the +6 short sword of Irchybust {freeze, Int+5}
   (You found it on level 2 of the Dungeon)

   Int:       It affects your intelligence (+5).
 p - the +10 rapier "Udiygurch" (weapon) {drain, *Corrode rF+++ Will- Dex+4}
   (You found it on level 3 of the Dungeon)

   Dex:       It affects your dexterity (+4).
   rF:        It renders you almost immune to fire.
   *Corrode:  It may corrode you when you take damage.
   Will:      It decreases your willpower.
 H - a +3 long sword
Missiles
 j - 5 javelins (quivered)
 L - 6 silver boomerangs
 N - 2 boomerangs
 S - 5 datura-tipped darts
Armour
 d - a +0 plate armour (worn)
 f - a +0 pair of gloves (worn)
 y - a +0 helmet (worn)
 O - a +0 cloak (worn)
Jewellery
 e - a ring of flight
 n - a +6 ring of dexterity
 C - a +4 ring of protection
 M - a +6 ring of dexterity (left hand)
 P - a +6 ring of strength
 T - the ring of Ru's Regard (right hand) {rPois rF- Str+6 Int+5 Stlth+}
   (You found it in a Gauntlet)

   [ring of strength]

   Str:       It affects your strength (+6).
   Int:       It affects your intelligence (+5).
   rF:        It makes you vulnerable to fire.
   rPois:     It protects you from poison.
   Stlth:     It makes you more stealthy.
 U - an amulet of the acrobat (around neck)
 V - a +6 ring of strength
Wands
 h - a wand of roots (6)
 v - a wand of quicksilver (9)
 w - a wand of flame (57)
 E - a wand of mindburst (17)
 J - a wand of digging (6)
Scrolls
 a - 6 scrolls of teleportation
 c - a scroll of amnesia
 i - a scroll of acquirement {unknown}
 o - 3 scrolls of vulnerability
 q - 6 scrolls of enchant armour
 s - a scroll of poison {unknown}
 t - a scroll of magic mapping
 u - a scroll of blinking {unknown}
 x - 4 scrolls of enchant weapon
 D - 4 scrolls of fear
 G - 2 scrolls of silence
 I - a scroll of brand weapon {unknown}
 K - 2 scrolls of immolation
Potions
 b - 9 potions of curing
 g - a potion of magic {unknown}
 k - a potion of mutation {unknown}
 l - a potion of invisibility {unknown}
 r - 2 potions of degeneration {unknown}
 z - 2 potions of might
 A - 3 potions of attraction
 B - 2 potions of lignification {unknown}
 F - 2 potions of flight {unknown}
 Q - a potion of berserk rage
Miscellaneous
 R - a lightning rod (4/4)


   Skills:
 + Level 11.7 Fighting
 - Level 14.0 Long Blades
 - Level 1.7 Armour
 - Level 1.7 Dodging


You had 10 spell levels left.
You didn't know any spells.
Your spell library was empty.

Dungeon Overview and Level Annotations

Branches:
Dungeon (11/15)            Temple (1/1) D:4            Lair (0/5) D:10
    Orc (0/2) D:9         Gauntlet (1/1)

Altars:
Ashenzari
Cheibriados
Dithmenos
Fedhas
Gozag
Hepliaklqana
Kikubaaqudgha
Makhleb
Nemelex Xobeh
Okawaru
Qazlal
Ru
Sif Muna
Trog
Uskayaw
Vehumet
Wu Jian
Xom
Yredelemnul

Shops:
D:6 *   D:10 *

Annotations:
Gauntlet 5 transporters


Innate Abilities, Weirdness & Mutations

When hurt, damage is shared between your health and your magic reserves.
You regenerate magic rapidly.
Spells you cast may paralyse adjacent enemies.
Your touch may inflict minor irresistible damage on your foes.


Message History

The small abomination hits you but does no damage.
You hit the small abomination.
The small abomination is moderately damaged.
The small abomination barely misses you.
You barely miss the small abomination.
The small abomination is moderately damaged.
The small abomination hits you!
You hit the small abomination.
The small abomination is heavily damaged.
The small abomination hits you!
The small abomination barely misses you.
You fail to use your ability.
The small abomination hits you. x2
You fail to use your ability.
The small abomination hits you!
The small abomination hits you but does no damage.
Your skin crawls.
You feel strong-willed. The small abomination hits you!
* * * LOW HITPOINT WARNING * * *
The small abomination hits you but does no damage.
A red film seems to cover your vision as you go berserk!
You feel yourself moving faster!
You feel mighty! The small abomination hits you!
* * * LOW HITPOINT WARNING * * *
The small abomination hits you!
* * * LOW HITPOINT WARNING * * *
You closely miss the small abomination.
You touch the small abomination!
The small abomination is almost destroyed.
The small abomination barely misses you.
You puncture the small abomination!
You feel the power of Trog in you as your rage grows.
You destroy the small abomination!
Trog accepts your kill.
You impale the small abomination!!
The small abomination is almost destroyed.
The small abomination hits you!
* * * LOW HITPOINT WARNING * * *
You completely miss the small abomination.
The small abomination is almost destroyed.
The small abomination hits you!
You die...

#################################
.....................≈∩≈.........
.................................
#######...###########...#########
#....^#.8.#..[.©.?..#...#...)©[!.
.###^.#...#.........#...#^.....^.
##.##.#####.#######.#...#..#...#Y
#.#.#.#...#.#.#.#x#.#...#.....P.P
#©#.#.#©.©#....©@x..#...#....©...
#.#.#.#...##x#.#.#x##...#.....PPP
.##.#.#####.#######.#...#..#..P#.
##.##.#...#.........#...#.Y...PPP
..##..#.8.#.........#...#wYY....Y
#######...###########...#########
.©.#....§.§...........≈....#.©.#.
...#...≈8≈...........≈8≈...#...#.
.©.#....≈.............≈§...#.©.#.


You could see 4 small abominations.

Vanquished Creatures
  A two-headed ogre (D:9)
  Nergalle (D:11)
  The ghost of TimeIsEndless the Covert, a novice KoMo of Wu Jian (D:7)
  A fire crab (Gauntlet)
  Pikel (D:9)
  An ugly thing (D:10)
  A cyclops (D:11)
  Maggie (D:7)
  An eye of devastation (Gauntlet)
  Prince Ribbit (D:9)
  A large abomination (Gauntlet)
  Sigmund (D:3)
  8 yaks
  A wyvern (D:8)
  5 small abominations (Gauntlet)
  3 fire bats (Gauntlet)
  2 wraiths
  A steam dragon (D:8)
  A golden eye (Gauntlet)
  Menkaure (D:6)
  Edmund (D:6)
  A warg (D:9)
  Duvessa (D:6)
  3 orc warriors
  2 black bears
  3 ice beasts
  An ogre (D:6)
  6 centaurs
  3 lemures (D:9)
  2 kobold brigands (D:8)
  10 bullfrogs
  3 necrophages
  2 scorpions
  5 wights (D:9)
  Dowan (D:6)
  23 killer bees
  2 howler monkeys
  A jelly (D:7)
  A hound (D:4)
  4 orc priests
  5 gnoll boudas
  2 iguanas
  Terence (D:3)
  3 orc wizards
  15 gnolls
  7 adders
  2 shadow imps
  A white imp (D:7)
  An ufetubus (D:6)
  3 worms
  2 dart slugs
  19 orcs
  2 ball pythons
  3 endoplasms
  3 giant cockroaches
  8 goblins
  6 hobgoblins
  2 jackals (D:1)
  6 quokkas
  10 bats
  A frilled lizard (D:2)
  14 kobolds
  2 rats
227 creatures vanquished.

Vanquished Creatures (collateral kills)
  A deep elf pyromancer (D:7)
1 creature vanquished.

Vanquished Creatures (others)
  7 fungi (Gauntlet)
  21 plants
28 creatures vanquished.

Grand Total: 256 creatures vanquished

Notes
Turn   | Place    | Note
-------+----------+-------------------------------------------
     0 | D:1      | Oxelix the Demonspawn Berserker began the quest for the
                  | Orb.
     0 | D:1      | Reached XP level 1. HP: 18/18 MP: 1/1
    56 | D:1      | Reached skill level 3 in Long Blades
    61 | D:1      | Gained mutation: Your touch may inflict minor irresistible
                  | damage on your foes. [demonic ancestry]
    61 | D:1      | Reached XP level 2. HP: 24/24 MP: 2/2
   498 | D:1      | Found a faded altar of an unknown god.
   553 | D:2      | Found a shimmering altar of Xom.
   720 | D:2      | Reached XP level 3. HP: 29/29 MP: 3/3
  1291 | D:2      | Reached ** piety under Trog
  1357 | D:2      | Identified the +6 short sword of Irchybust {freeze, Int+5}
  1519 | D:3      | Found a snail-covered altar of Cheibriados.
  1521 | D:3      | Found an opulent altar of Gozag.
  1521 | D:3      | Found a shimmering altar of Xom.
  1530 | D:3      | Identified the +10 rapier "Udiygurch" {drain, *Corrode
                  | rF+++ Will- Dex+4}
  1570 | D:3      | Found a sacrificial altar of Ru.
  1662 | D:3      | Reached XP level 4. HP: 35/37 MP: 4/4
  1929 | D:3      | Noticed Sigmund
  1935 | D:3      | Killed Sigmund
  1936 | D:3      | Reached skill level 5 in Long Blades
  1936 | D:3      | Reached XP level 5. HP: 43/43 MP: 5/5
  2135 | D:3      | Noticed Terence
  2138 | D:3      | Killed Terence
  2238 | D:4      | Noticed a black bear
  2243 | D:4      | Killed a black bear
  2244 | D:4      | Gained mutation: You regenerate magic rapidly. [demonic
                  | ancestry]
  2244 | D:4      | Reached XP level 6. HP: 48/50 MP: 6/6
  2303 | D:4      | Reached skill level 5 in Fighting
  2421 | D:4      | Found a staircase to the Ecumenical Temple.
  2453 | Temple   | Entered the Ecumenical Temple
  2856 | D:4      | Reached skill level 6 in Long Blades
  3025 | D:4      | Reached XP level 7. HP: 56/56 MP: 7/7
  3205 | D:5      | Entered Level 5 of the Dungeon
  3809 | D:5      | Reached skill level 7 in Long Blades
  3929 | D:6      | Gained mutation: When hurt, damage is shared between your
                  | health and your magic reserves. [demonic ancestry]
  3929 | D:6      | Reached XP level 8. HP: 61/64 MP: 8/8
  4088 | D:6      | Noticed Edmund
  4096 | D:6      | Killed Edmund
  4097 | D:6      | Reached skill level 8 in Long Blades
  4135 | D:6      | Noticed Menkaure
  4139 | D:6      | Killed Menkaure
  4403 | D:6      | Noticed Dowan
  4403 | D:6      | Noticed Duvessa
  4417 | D:6      | Killed Dowan
  4425 | D:6      | Killed Duvessa
  4708 | D:6      | Reached skill level 9 in Long Blades
  4912 | D:6      | Reached *** piety under Trog
  4982 | D:6      | Found Liom's General Store.
  4997 | D:6      | Bought 2 scrolls of teleportation for 66 gold pieces
  4997 | D:6      | Bought a scroll of silence for 104 gold pieces
  5108 | D:7      | Reached XP level 9. HP: 72/72 MP: 9/9
  5156 | D:7      | Noticed Maggie
  5164 | D:7      | Killed Maggie
  5208 | D:7      | Noticed TimeIsEndless's ghost (novice KoMo)
  5235 | D:7      | Noticed a deep elf pyromancer
  5309 | D:7      | Found a runed translucent gate.
  5309 | D:7      | Found a runed translucent gate.
  5309 | D:7      | Found a runed translucent gate.
  5451 | D:7      | Reached skill level 10 in Long Blades
  5817 | D:7      | Found a bloodstained altar of Trog.
  5817 | D:7      | Found a basalt altar of Yredelemnul.
  5824 | D:7      | Found a faded altar of an unknown god.
  5828 | D:7      | Found a radiant altar of Vehumet.
  5830 | D:7      | Found a faded altar of an unknown god.
  6463 | D:8      | Found Beb Apsedd's Magic Scroll Boutique.
  6466 | D:8      | Bought a scroll of teleportation for 36 gold pieces
  6466 | D:8      | Bought a scroll of noise for 12 gold pieces
  6466 | D:8      | Bought a scroll of identify for 24 gold pieces
  6466 | D:8      | Bought a scroll of immolation for 48 gold pieces
  6466 | D:8      | Bought a scroll of identify for 24 gold pieces
  6466 | D:8      | Bought a scroll of identify for 24 gold pieces
  6466 | D:8      | Bought a scroll of teleportation for 36 gold pieces
  6658 | D:8      | Reached **** piety under Trog
  6759 | D:9      | Noticed a two-headed ogre
  6766 | D:9      | Killed a two-headed ogre
  6767 | D:9      | Reached skill level 11 in Long Blades
  6767 | D:9      | Gained mutation: Spells you cast may paralyse adjacent
                  | enemies. [demonic ancestry]
  6767 | D:9      | Reached XP level 10. HP: 44/83 MP: 5/10
  6988 | D:9      | Found a staircase to the Orcish Mines.
  7354 | D:9      | Noticed Prince Ribbit
  7360 | D:9      | Killed Prince Ribbit
  7385 | D:9      | Noticed Pikel
  7404 | D:9      | Killed Pikel
  7542 | D:9      | Reached skill level 12 in Long Blades
  7701 | D:9      | Found a hazy altar of Hepliaklqana.
  7774 | D:9      | Reached skill level 10 in Fighting
  8162 | D:7      | Killed a deep elf pyromancer
  8168 | D:7      | Killed TimeIsEndless's ghost
  8169 | D:7      | Reached skill level 13 in Long Blades
  8169 | D:7      | Reached XP level 11. HP: 92/92 MP: 9/11
  8353 | D:10     | Entered Level 10 of the Dungeon
  8359 | D:10     | Noticed a white ugly thing
  8368 | D:10     | Killed a white ugly thing
  8729 | D:10     | Found Keoluapp's Assorted Antiques.
  8745 | D:10     | Bought a purple potion for 26 gold pieces
  8818 | D:10     | Noticed a two-headed ogre
  8868 | D:10     | Found a staircase to the Lair.
  9019 | D:11     | Found a gate leading to a gauntlet.
  9052 | D:11     | Noticed Nergalle
  9060 | D:11     | Killed Nergalle
  9185 | Gauntlet | Entered a Gauntlet
  9185 | Gauntlet | Noticed a hell hog
  9185 | Gauntlet | Found a transporter.
  9185 | Gauntlet | Found a transporter.
  9185 | Gauntlet | Found a transporter.
  9189 | Gauntlet | Found a transporter.
  9195 | Gauntlet | Noticed a death yak
  9197 | Gauntlet | Noticed a death yak
  9197 | Gauntlet | Noticed a death yak
  9198 | Gauntlet | Noticed a death yak
  9199 | Gauntlet | Found a transporter.
  9265 | Gauntlet | Found a transporter.
  9281 | Gauntlet | Found a transporter.
  9290 | Gauntlet | Found a transporter.
  9300 | Gauntlet | Found a transporter.
  9309 | Gauntlet | Noticed a fire crab
  9315 | Gauntlet | Found a transporter.
  9321 | Gauntlet | Found a transporter.
  9342 | Gauntlet | Found a transporter.
  9676 | Gauntlet | Identified the ring of Ru's Regard {rPois rF- Str+6 Int+5
                  | Stlth+}
  9691 | Gauntlet | Reached skill level 14 in Long Blades
  9699 | Gauntlet | Killed a fire crab
  9854 | Gauntlet | HP: 3/142 [small abomination (12)]
  9855 | Gauntlet | Mangled by a small abomination

Illustrated notes

Levels and vault maps discovered:
D:1:      sevenhm_arrival_forest_fort_small_3, layout_basic,
          chequers_ecumenical_altar_twisty
D:2:      layout_basic, basic_altar, kennysheep_potato
D:3:      layout_loops_cross, minmay_overflow_temple_star_hex, uniq_sigmund,
          uniq_terence
D:4:      layout_basic, temple_doors_e
D:5:      layout_loops_ring
D:6:      layout_gridville, serial_shops, shop_coins, nicolae_grassy_gnolls,
          uniq_menkaure, uniq_duvessa, uniq_edmund
D:7:      layout_gridville, chequers_temple_overflow_minitemple,
          gammafunk_ghost_split, uniq_maggie
D:8:      layout_basic, serial_shops, kennysheep_mini
D:9:      layout_loops_corners, worldfamousw_hep_ancestral_shrine, david_orc_3,
          nicolae_figureground_sparkle, uniq_prince_ribbit1, uniq_pikel
D:10:     layout_rooms, grunt_lair_entry_orc_guard_hut, serial_shops, shop
D:11:     layout_long_grid, gauntlet_entry_generic, uniq_josephine,
          uniq_nergalle
Temple:   oiseaux_autumnal_temple
Gauntlet: gammafunk_gauntlet_shortcut [nicolae_gauntlet_arena_flowing_pool,
          gammafunk_gauntlet_arena_hedges, gammafunk_gauntlet_arena_split_x,
          nicolae_gauntlet_arena_grate_2, gammafunk_gauntlet_arena_spirals,
          gammafunk_gauntlet_arena_teeth, gauntlet_exit_green]

Skill      XL: |  1  2  3  4  5  6  7  8  9 10 11 |
---------------+----------------------------------+-----
Long Blades    | 3 5 6 7 9 11 13 14 | 14.0
Fighting       | 4 5 6 7 9 10 11 | 11.7
Armour         | |  1.7
Dodging        | |  1.7

Action                     |  1- 3 |  4- 6 |  7- 9 | 10-12 || total
---------------------------+-------+-------+-------+-------++-------
  Melee: Falchion          |    75 |       |       |       ||    75
         Touch             |     9 |     7 |    37 |    39 ||    92
         Long sword        |    33 |       |       |       ||    33
         Rapier            |     4 |    47 |   218 |   254 ||   523
         Short sword       |     4 |       |       |       ||     4
         Punch             |       |       |       |     3 ||     3
  Throw: Javelin           |       |       |       |     1 ||     1
 Invoke: Berserk           |     1 |       |     2 |     5 ||     8
         Trog's Hand       |       |       |     1 |     4 ||     5
         Brothers in Arms  |       |       |       |     2 ||     2
    Use: Scroll            |       |     1 |     7 |     3 ||    11
         Potion            |       |       |       |     2 ||     2
   Stab: Sleeping          |     1 |       |       |       ||     1
 Armour: Animal skin       |    17 |       |       |       ||    17
         Plate armour      |    59 |    28 |   135 |   125 ||   347
  Dodge: Dodged            |    49 |    10 |    57 |    86 ||   202

Table legend: (Time is in decaauts)
 A = Elapsed time spent in this place.
 B = Non-inter-level travel time spent in this place.
 C = Inter-level travel time spent in this place.
 D = Time resting spent in this place.
 E = Time spent auto-exploring this place.
 F = Levels seen in this place.
 G = Mean time per level.
                   A        B        C        D        E       F      G
               +--------+--------+--------+--------+--------+-----+--------+
         Total |   9855 |   9399 |    456 |    724 |   6970 |  13 |  758.1 |
       Dungeon |   8917 |   8501 |    416 |    521 |   6527 |  11 |  810.6 |
        Temple |    270 |    230 |     40 |      0 |    218 |   1 |  270.0 |
      Gauntlet |    666 |    666 |      0 |    202 |    225 |   1 |  666.0 |
               +--------+--------+--------+--------+--------+-----+--------+

Top non-repeatable levels by time:
     D:9: 1363 daAuts
     D:6: 1235 daAuts
     D:7: 1096 daAuts
     D:2: 956 daAuts
     D:8: 784 daAuts
     D:3: 739 daAuts
     D:4: 709 daAuts
Gauntlet: 666 daAuts
     D:5: 661 daAuts
    D:10: 651 daAuts
     D:1: 556 daAuts
  Temple: 270 daAuts
    D:11: 163 daAuts
